AoeStats
← Dxcax

Yucatan

513023796Analyzed
2v2 RM · 8d ago on Oct 11, 2026· 45m 4s· 4 players
Game mode
Random Map
Map size
Medium (4 player)
Population
200
Speed
Normal
Resources
Standard
Victory
Conquest
Starting age
Dark Age
Ending age
Imperial Age
RankedLock teamsTeams togetherTeam positionsShared explorationLock speedFull tech treeHidden civsTurbo modeCheats
Victory
Defeat
🇪🇸 Persians · Spain
1019
+14
🇨🇱 Huns · Chile
951
+17
vs
🇹🇷 Khmer · Türkiye
1022
-17
🇹🇷 Romans · Türkiye
926
-18
jash2K
10:38 Feudal Age
12:26 Double-Bit Axe
15:53 Forging
15:44 Scale Mail Armor
19:30 Castle Age
22:33 Stone Mining
22:36 Gold Mining
23:15 Man-at-Arms
24:33 Iron Casting
25:29 Long Swordsman
29:47 Squires
29:08 Pikeman
34:12 Chain Mail Armor
33:22 Elite Skirmisher
39:31 Imperial Age
36:49 Loom
37:39 Wheelbarrow
36:51 Town Watch
37:52 Horse Collar
38:25 Bow Saw
39:38 Fletching
39:49 Padded Archer Armor
42:36 Blast Furnace
41:32 Bodkin Arrow
41:52 Leather Archer Armor
43:07 Hand Cart
42:57 Heavy Plow
Dxcax
5:35 Loom
11:11 Feudal Age
16:59 Castle Age
15:54 Scale Mail Armor
19:26 Wheelbarrow
18:54 Double-Bit Axe
22:19 Horse Collar
24:54 Scale Barding Armor
29:02 Heavy Plow
29:20 Bow Saw
28:54 Pikeman
30:02 Chain Mail Armor
30:20 Fletching
36:36 Imperial Age
35:42 Gold Mining
35:45 Stone Mining
38:02 Hand Cart
37:33 Town Watch
38:22 Chain Barding Armor
39:30 Chemistry
39:22 Double Crossbow
39:39 Elite Ballista Elephant
42:07 Plate Barding Armor
41:56 Husbandry
42:07 Bloodlines
45:32 Conscription
juanjinpoker
9:19 Loom
11:05 Feudal Age
12:19 Horse Collar
13:18 Wheelbarrow
12:32 Double-Bit Axe
14:22 Bloodlines
15:14 Scale Barding Armor
21:30 Castle Age
19:57 Gold Mining
22:27 Bow Saw
22:18 Heavy Plow
22:43 Hand Cart
32:41 Imperial Age
32:37 Ballistics
34:02 Chemistry
33:37 Conscription
33:40 Fletching
33:51 Padded Archer Armor
34:39 Bodkin Arrow
36:47 Masonry
37:14 Leather Archer Armor
37:38 Husbandry
36:59 Heavy Camel Rider
38:41 Chain Barding Armor
38:52 Ring Archer Armor
38:32 Forging
40:46 Elite War Elephant
42:09 Iron Casting
43:14 Plate Barding Armor
45:00 Coinage
46:25 Blast Furnace
Kodetol
11:13 Feudal Age
11:54 Double-Bit Axe
19:34 Castle Age
21:04 Padded Archer Armor
28:39 Horse Collar
30:10 Heavy Plow
31:14 Gold Mining
31:18 Stone Mining
34:57 Wheelbarrow
35:52 Gold Shaft Mining
35:43 Ballistics
35:18 Murder Holes
35:42 Leather Archer Armor
38:11 Imperial Age
38:16 Hand Cart
40:46 Heavy Cavalry Archer
43:04 Fletching
44:04 Bodkin Arrow
Connection lost

Rejoining the realm…

Still unreachable

The connection could not be restored.

Session expired

The server has moved on; the page needs a fresh start.